Map: Ley Lines

Players

A.I. 1 (Hard) - Winner!

  • Race: Terran Terran
  • Spawn Location: 7:00

Indy

  • Race: Protoss Protoss
  • League: Master
  • Spawn Location: 1:00

VOD

Have the link to the VOD?

Description

Time

  • Played on: Jan. 14, 2025, 11:16 a.m.
  • Length: 45:57
Show
View Real Time Build Order
Export as new Build Order

A.I. 1 (Hard) Terran - Winner!

Build Orders: 2 Factory 

Get SALT Encoding   

  12  0:00  SCV  
  13  0:13  SCV  
  14  0:18  Supply Depot  
  14  0:25  SCV  
  15  0:40  SCV  
  16  0:44  Barracks  
  16  0:52  SCV  
  17  1:04  SCV  
  18  1:17  Command Center  
  18  1:32  Marine  
  19  1:33  Orbital Command  
  19  1:38  Supply Depot  
  19  1:46  Refinery  
  19  1:50  Marine  
  20  1:58  SCV  
  21  2:01  Barracks  
  21  2:08  Refinery  
  21  2:09  Marine  
  21  2:11  SCV  
  23  2:23  SCV  
  23  2:25  Supply Depot  
  23  2:28  Barracks Tech Lab  
  24  2:37  SCV  
  25  2:46  Marine  
  25  2:48  Marine  
  25  2:49  SCV  
  28  2:52  SCV  
  29  3:01  SCV  
  29  3:04  SCV, Marauder  
  33  3:06  Barracks Tech Lab  
  33  3:11  Factory  
  33  3:18  Factory  
  33  3:25  Marine  
  34  3:28  Refinery  
  34  3:37  Refinery  
  34  3:56  Starport, Factory Tech Lab  
  34  4:00  SCV  
  34  4:01  SCV, Factory Tech Lab  
  36  4:04  Starport  
  36  4:11  Marauder  
  40  4:24  Marauder  
  40  4:25  SCV  
  40  4:28  SCV  
  42  4:33  Starport Tech Lab  
  42  4:37  Ghost Academy, SCV  
  43  4:40  Starport Tech Lab  
  43  4:43  SCV  
  44  4:49  SCV  
  44  4:51  Medivac  
  44  4:52  Supply Depot  
  47  4:55  SCV  
  48  5:00  Stimpack  
  48  5:01  SCV  
  49  5:07  SCV  
  49  5:08  Ghost  
  49  5:11  Combat Shield  
  49  5:13  SCV  
  54  5:19  SCV  
  55  5:21  Engineering Bay  
  55  5:27  SCV  
  56  5:34  Supply Depot, SCV  
  57  5:39  SCV  
  58  5:43  Marine  
  58  5:46  SCV  
  58  5:48  Terran Infantry Armor Level 1  
  60  5:51  SCV  
  60  5:56  Marine  
  60  5:57  Supply Depot  
  62  5:58  SCV  
  62  6:03  SCV  
  64  6:09  Marine  
  64  6:10  SCV  
  67  6:18  SCV  
  67  6:22  Supply Depot, SCV, Marine  
  69  6:30  Concussive Shells, SCV  
  70  6:34  Marine  
  71  6:42  Missile Turret  
  71  6:43  Medivac, SCV  
  71  6:44  Raven  
  71  6:45  Supply Depot, Missile Turret  
  76  6:47  Marine  
  76  6:52  Missile Turret  
  77  6:55  Missile Turret  
  77  7:01  Sensor Tower, Marauder  
  79  7:04  Armory  
  79  7:06  SCV  
  80  7:09  Bunker  
  80  7:10  Supply Depot  
  80  7:14  Marauder, Raven  
  84  7:19  Barracks  
  84  7:26  Marauder  
  86  7:34  Viking  
  86  7:35  Supply Depot  
  79  7:38  Hellion  
  79  7:41  Marine  
  79  7:42  Terran Infantry Weapons Level 1  
  66  7:45  Hellion  
  66  7:48  Viking  
  65  7:59  Hellion  
  65  8:04  Starport Tech Lab  
  65  8:06  Hellion  
  67  8:18  Viking  
  69  8:26  Marauder  
  64  8:29  Viking  
  64  8:36  Hellion  
  64  8:40  Hellion  
  68  8:48  Viking  
  68  8:55  Supply Depot, Marine  
  70  9:00  Raven  
  73  9:06  Hellion  
  73  9:09  Hellion  
  63  9:18  Viking  
  65  9:27  Hellion  
  62  9:32  Hellion  
  62  9:34  Starport Tech Lab  
  64  9:38  Marine  
  64  9:42  Barracks  
  65  9:48  Viking  
  65  9:50  Marauder  
  69  9:53  Viking  
  71  10:00  Marauder  
  69  10:10  Ghost  
  69  10:14  Siege Tank  
  73  10:18  Command Center, Raven  
  67  10:22  Hellion  
  67  10:23  Viking  
  67  10:28  Marine  
  59  10:29  Barracks Reactor  
  58  10:41  Marauder  
  55  10:45  Hellion  
  53  10:52  Hellion, Viking  
  53  10:53  Raven  
  59  10:58  Marine  
  60  11:06  Hellion, Marauder  
  64  11:14  Command Center  
  64  11:16  Marine  
  65  11:18  Thor  
  65  11:22  Raven  
  65  11:25  Command Center  
  73  11:27  Medivac, Marine  
  76  11:34  Marine  
  76  11:38  Siege Tank  
  77  11:45  Marine  
  76  11:56  Viking  
  76  11:57  Marine  
  79  12:05  Marine  
  79  12:06  Command Center  
  80  12:12  Widow Mine  
  80  12:14  Raven  
  82  12:27  Raven  
  83  12:55  Command Center  
  83  13:02  Siege Tank  
  86  13:11  Siege Tank  
  89  13:32  Marauder  
  91  13:34  Siege Tank  
  91  13:41  Banshee  
  97  13:43  Marine  
  97  13:44  Widow Mine  
  100  13:53  Marine  
  85  14:01  Marine  
  52  14:11  Marine  
  44  14:19  Raven  
  44  14:20  Marauder  
  44  14:23  SCV  
  44  14:28  Raven  
  44  14:29  Marauder  
  37  14:40  Marine  
  37  14:51  Marauder  
  39  14:53  Medivac  
  39  14:58  Marine  
  42  15:01  Siege Tank  
  43  15:10  Widow Mine  
  43  15:12  SCV, Marine  
  46  15:16  Marine  
  46  15:20  Banshee  
  50  15:25  Medivac  
  52  15:29  Marine  
  52  15:34  Marine  
  54  15:47  Marine  
  55  15:52  Marine  
  55  15:55  Medivac  
  58  16:03  Raven  
  60  16:05  Marine  
  60  16:10  Marine  
  62  16:23  Marauder  
  62  16:25  Siege Tank  
  67  16:28  Marauder  
  67  16:29  Widow Mine  
  71  16:36  Banshee  
  71  16:39  Command Center  
  74  16:44  Marine  
  75  16:49  Marine  
  76  17:02  Marine  
  76  17:07  Cyclone, Marine  
  81  17:20  Marine  
  81  17:22  Thor  
  88  17:23  SCV  
  88  17:24  Marine  
  88  17:26  SCV  
  88  17:29  SCV  
  92  17:35  SCV  
  93  17:38  Marauder  
  93  17:39  SCV  
  93  17:41  SCV  
  93  17:43  Marauder  
  99  17:46  Terran Infantry Weapons Level 2  
  99  17:47  SCV  
  99  17:51  SCV  
  101  17:52  SCV  
  101  17:53  SCV  
  103  18:00  SCV  
  103  18:04  SCV  
  105  18:07  SCV  
  105  18:08  SCV  
  105  18:12  SCV  
  108  18:15  Terran Vehicle Weapons Level 1  
  108  18:16  SCV  
  108  18:19  SCV  
  110  18:24  SCV  
  110  18:25  SCV  
  112  18:28  SCV  
  112  18:31  SCV  
  114  18:36  SCV  
  115  19:16  Refinery  
  115  19:17  Refinery  
  115  19:20  Refinery  
  115  19:21  Refinery  
  115  19:33  Bunker  
  115  19:40  SCV  
  115  19:41  Missile Turret, SCV  
  115  19:43  SCV  
  115  19:44  SCV  
  119  19:48  Missile Turret  
  119  19:49  Missile Turret  
  119  19:52  SCV  
  120  19:53  SCV  
  120  19:55  SCV  
  120  19:56  Missile Turret  
  120  19:57  SCV  
  120  19:58  Barracks  
  122  20:02  Terran Infantry Armor Level 2  
  122  20:03  Engineering Bay  
  122  20:04  SCV  
  122  20:06  SCV  
  124  20:09  Terran Vehicle And Ship Armor Level 1  
  124  20:10  Bunker  
  124  20:17  Bunker  
  124  20:23  Marine  
  124  20:26  Marine  
  124  20:28  Terran Infantry Weapons Level 3  
  109  20:42  Marauder  
  111  20:43  Hellion  
  111  20:45  Barracks Reactor, Marauder  
  111  20:47  Hellion  
  117  21:03  Marine  
  118  21:04  Siege Tank  
  118  21:08  Hellion  
  123  21:19  Supply Depot  
  123  21:29  Thor  
  129  21:36  Siege Tank  
  132  21:44  Supply Depot  
  132  21:57  Command Center  
  132  22:03  Terran Ship Weapons Level 1  
  132  22:08  Siege Tank  
  132  22:12  Hellion  
  132  22:13  Infernal Pre-Igniter  
  137  22:16  Supply Depot  
  137  22:18  Hi-Sec Auto Tracking  
  137  22:31  Fusion Core  
  137  22:33  Siege Tank  
  140  22:38  Armory  
  140  22:40  Siege Tank  
  143  23:05  Neosteel Armor, Siege Tank  
  143  23:10  SCV  
  143  23:11  SCV  
  148  23:15  Terran Infantry Armor Level 3  
  148  23:18  Refinery  
  148  23:20  Missile Turret  
  148  23:21  Missile Turret  
  148  23:24  Terran Vehicle And Ship Armor Level 2, SCV, Refinery  
  148  23:42  Bunker  
  148  23:57  Terran Vehicle Weapons Level 2  
  148  24:45  Hellion  
  148  24:48  Hellion  
  148  24:50  Marine  
  127  24:53  Marine  
  127  24:56  Marine  
  127  24:59  Marine  
  102  25:05  Raven  
  102  25:06  Hellion  
  88  25:08  Marine  
  88  25:11  Marine, Raven  
  82  25:14  Marine  
  82  25:17  Siege Tank, Marine  
  87  25:26  Marine  
  88  25:29  Marine  
  88  25:32  Marine  
  88  25:33  Siege Tank  
  88  25:35  Marine  
  94  25:39  Raven  
  94  25:40  Terran Ship Weapons Level 2  
  96  25:49  Siege Tank  
  99  26:05  Siege Tank  
  102  26:13  Terran Vehicle And Ship Armor Level 3  
  102  26:21  Siege Tank  
  104  26:35  Command Center  
  104  26:37  Siege Tank  
  109  26:54  Hellion  
  106  27:09  Siege Tank  
  106  27:10  SCV  
  106  27:12  SCV  
  106  27:14  SCV  
  106  27:15  SCV, Thor  
  112  27:16  Command Center  
  112  27:17  SCV  
  112  27:22  SCV  
  110  27:24  SCV  
  110  27:26  SCV  
  110  27:28  SCV  
  111  27:30  SCV  
  111  27:32  Viking  
  111  27:34  SCV  
  111  27:36  SCV  
  111  27:37  Marauder  
  114  27:40  Medivac, Marauder  
  114  27:41  SCV  
  104  27:44  Hellion  
  100  27:51  SCV  
  100  27:55  SCV  
  100  27:56  Terran Vehicle Weapons Level 3  
  100  27:58  Siege Tank, SCV, Marauder  
  100  28:00  SCV  
  100  28:02  SCV  
  100  28:04  Viking  
  100  28:05  Siege Tank  
  105  28:08  Bunker  
  105  28:09  SCV  
  105  28:10  Liberator  
  105  28:12  SCV  
  108  28:22  SCV  
  108  28:24  SCV  
  108  28:25  SCV  
  108  28:27  SCV  
  107  28:30  Siege Tank  
  109  28:34  SCV, Viking  
  109  28:37  Cyclone  
  109  28:39  Missile Turret  
  115  28:49  Command Center  
  115  28:50  Terran Ship Weapons Level 3, Command Center  
  115  28:53  Viking  
  115  28:54  Bunker  
  117  29:02  Thor  
  123  29:04  Liberator  
  123  29:05  Advanced Ballistics  
  123  29:09  Missile Turret  
  126  29:13  Refinery  
  125  29:36  SCV  
  126  29:39  Command Center  
  94  30:35  Liberator  
  94  30:40  Marine  
  73  30:43  Bunker  
  73  30:44  Hellion  
  73  30:46  SCV  
  73  30:48  SCV, Marauder  
  60  30:50  SCV  
  60  30:51  Hellion  
  60  30:52  SCV  
  60  30:53  SCV  
  63  30:58  SCV, Marauder  
  63  31:00  SCV  
  63  31:02  SCV  
  64  31:04  SCV  
  64  31:05  Siege Tank, SCV  
  64  31:09  Missile Turret, Marauder  
  64  31:10  SCV  
  56  31:12  SCV  
  56  31:13  Hellion  
  56  31:14  SCV  
  56  31:16  SCV  
  56  31:18  SCV, Viking  
  60  31:19  Marine  
  60  31:20  Missile Turret  
  60  31:22  SCV  
  60  31:24  SCV  
  64  31:27  SCV  
  64  31:28  SCV, Command Center  
  64  31:30  Starport, SCV, Marine  
  64  31:32  Refinery  
  67  31:33  Bunker  
  67  31:34  Hellion, SCV  
  67  31:36  SCV  
  67  31:37  Siege Tank, Marauder  
  67  31:39  SCV  
  75  31:40  SCV  
  75  31:42  SCV  
  75  31:44  Refinery  
  75  31:46  SCV  
  76  31:48  Raven, Marauder, SCV, Barracks  
  76  31:51  SCV  
  76  31:52  SCV  
  81  31:55  Siege Tank, Command Center  
  81  31:58  Bunker, Marine  
  81  31:59  SCV x2  
  81  32:00  SCV  
  86  32:03  SCV  
  86  32:04  SCV  
  86  32:06  Starport Tech Lab, Refinery  
  87  32:09  Thor, Marine  
  87  32:11  SCV  
  87  32:12  SCV  
  87  32:13  SCV  
  87  32:15  SCV  
  88  32:16  Ghost, SCV  
  81  32:23  SCV, Raven  
  81  32:25  SCV x2  
  81  32:27  SCV, Marine  
  81  32:28  Hellion, Viking  
  81  32:29  SCV  
  66  32:35  SCV, Marine  
  66  32:36  Refinery  
  59  32:37  SCV  
  59  32:39  SCV x2  
  59  32:41  SCV  
  62  32:45  Marine, Marauder  
  62  32:47  SCV  
  62  32:49  Hellion  
  64  32:51  SCV  
  64  32:52  Hellion  
  64  32:53  Marine  
  64  32:57  Raven  
  64  32:58  Viking  
  69  33:02  Marine  
  64  33:06  Marine  
  64  33:10  Marine  
  62  33:13  Hellion  
  41  33:20  Marine  
  41  33:22  Hellion  
  41  33:24  Marauder  
  41  33:26  SCV  
  43  33:28  SCV, Marine, Viking  
  43  33:31  SCV, Viking  
  48  33:38  Hellion  
  48  33:39  Marauder  
  48  33:46  Marine, Marauder  
  49  33:52  Hellion, SCV  
  49  33:55  SCV  
  50  33:56  SCV  
  50  33:58  Raven  
  50  33:59  SCV, Marine  
  50  34:00  SCV  
  50  34:02  Starport Tech Lab  
  56  34:04  SCV, Marine  
  56  34:06  Marine  
  56  34:07  SCV  
  56  34:08  SCV  
  61  34:13  SCV  
  61  34:17  SCV, Marine  
  61  34:21  Raven  
  61  34:22  SCV, Marine  
  66  34:24  Marine  
  66  34:27  SCV  
  66  34:32  SCV  
  66  34:35  Marine  
  66  34:36  SCV  
  64  34:39  Marine  
  64  34:43  Marauder  
  43  34:52  Hellion  
  41  34:53  Marine  
  41  34:57  Marine, Viking  
  45  35:04  SCV, Marauder  
  48  35:08  SCV  
  48  35:11  Marine  
  48  35:13  SCV  
  51  35:15  SCV, Marine  
  51  35:19  SCV  
  54  35:23  SCV  
  54  35:27  SCV  
  56  35:33  Marine  
  52  35:44  Starport  
  52  35:46  Marine  
  52  35:49  Marine  
  20  36:23  Command Center  
  19  37:06  SCV  
  19  37:08  SCV, Marine  
  21  37:09  SCV  
  21  37:10  Marine  
  22  37:26  Marine  
  22  37:29  SCV  
  23  37:32  SCV, Marine  
  23  37:33  SCV  
  27  37:44  Marauder  
  27  37:55  SCV  
  27  38:04  Command Center  
  27  38:26  Command Center  
  27  38:31  SCV  
  28  38:41  Siege Tank  
  28  38:47  SCV  
  32  38:52  SCV  
  34  38:55  SCV  
  34  39:00  SCV  
  33  39:04  SCV  
  34  39:10  SCV  
  34  39:14  SCV  
  34  39:17  SCV  
  37  39:35  Starport  
  37  39:36  SCV  
  37  39:39  SCV  
  37  39:43  SCV  
  39  39:46  SCV  
  39  39:49  SCV  
  42  39:52  SCV  
  42  39:58  Raven  
  44  40:02  SCV  
  44  40:04  SCV  
  44  40:12  Starport Tech Lab  
  44  40:17  SCV  
  44  40:19  SCV  
  44  40:20  SCV  
  44  40:27  Siege Tank  
  46  40:29  SCV  
  46  40:32  Raven  
  49  40:37  Siege Tank  
  49  40:42  SCV  
  52  40:48  SCV  
  51  40:50  SCV  
  51  40:52  SCV  
  51  40:57  SCV  
  51  40:58  SCV  
  51  41:00  Widow Mine  
  53  41:05  SCV  
  54  41:14  Thor  
  58  41:21  Hellion  
  58  41:23  SCV  
  59  41:25  SCV  
  59  41:27  SCV  
  59  41:32  Marauder  
  62  41:37  Marauder  
  64  41:45  Viking  
  66  41:51  Hellion  
  68  41:57  Cyclone  
  71  42:01  Medivac  
  73  42:15  Medivac  
  75  42:16  Marine  
  75  42:20  Marine  
  72  42:31  Medivac  
  74  42:41  SCV  
  75  42:45  SCV  
  75  42:47  Command Center  
  75  42:51  Raven  
  78  42:53  Marine  
  78  42:57  Marine  
  80  43:11  Marauder  
  82  43:16  Marauder  
  84  43:22  Viking  
  86  43:32  Viking  
  86  43:33  Marauder  
  90  43:36  Hellion  
  90  43:41  Hellion  
  92  43:45  Marine  
  70  43:54  Marine, Viking  
  56  44:27  SCV  
  56  44:30  SCV  
  56  44:34  SCV  
  56  44:36  SCV  
  58  44:39  Cyclone, SCV, Raven  
  58  44:42  SCV  
  62  45:01  Command Center  
  62  45:24  SCV  
  62  45:27  SCV  
  64  45:31  SCV  
  64  45:34  SCV  
  66  45:38  SCV  
  67  45:45  SCV, Command Center  
Show
View Real Time Build Order
Export as new Build Order

Indy Protoss 

Build Orders: 1 Gate Expand, Colossus Rush 

Get SALT Encoding   

  12  0:00  Probe  
  13  0:12  Probe  
  14  0:17  Pylon  
  14  0:24  Probe  
  15  0:32  Probe  
  15  0:36  Gateway  
  15  0:40  Probe  
  16  0:48  Assimilator  
  17  0:51  Probe  
  18  1:03  Probe  
  19  1:15  Probe  
  20  1:28  Cybernetics Core  
  21  1:36  Nexus  
  21  1:39  Probe  
  21  1:43  Pylon  
  21  1:51  Probe  
  21  1:52  Assimilator  
  22  1:55  Stalker  
  22  2:03  Probe  
  22  2:08  Warp Gate  
  25  2:15  Probe  
  26  2:24  Adept  
  26  2:27  Probe  
  29  2:34  Robotics Facility  
  29  2:39  Probe  
  30  2:48  Probe  
  31  2:51  Probe  
  31  2:54  Sentry  
  34  3:00  Gateway x2  
  34  3:04  Probe x2  
  35  3:12  Probe  
  36  3:13  Probe  
  36  3:16  Observer  
  36  3:19  Pylon  
  38  3:20  Probe  
  38  3:21  Probe  
  41  3:27  Assimilator  
  41  3:30  Probe  
  41  3:32  Probe, Assimilator  
  43  3:42  Shield Battery, Probe  
  43  3:44  Probe  
  45  3:51  Robotics Bay  
  45  3:55  Observer, Probe  
  47  3:57  Probe  
  48  4:07  Probe  
  48  4:08  Pylon  
  48  4:09  Probe  
  50  4:10  Pylon  
  50  4:12  Observer  
  50  4:16  Immortal  
  50  4:19  Probe  
  50  4:21  Probe  
  52  4:29  Pylon  
  56  4:42  Probe x2  
  56  4:44  Extended Thermal Lance, Colossus  
  58  4:51  Pylon  
  58  4:59  Phoenix  
  64  5:01  Gateway  
  64  5:02  Gateway  
  64  5:04  Gateway  
  64  5:18  Stalker x2, Sentry  
  64  5:19  Colossus  
  70  5:21  Pylon  
  70  5:26  Pylon  
  76  5:49  Pylon  
  76  5:58  Sentry  
  76  5:59  Stalker x3, Sentry  
  76  6:02  Pylon  
  86  6:10  Warp Prism  
  86  6:12  Pylon x2  
  88  6:28  Stalker  
  88  6:29  Stalker x3  
  88  6:31  Adept x2  
  100  6:46  Twilight Council  
  100  6:55  Adept x6  
  112  7:15  Probe x2  
  114  7:17  Pylon, Nexus  
  114  7:34  Stalker x5  
  121  8:55  Probe x2  
  122  8:56  Probe  
  124  9:07  Probe  
  124  9:08  Probe x2  
  124  9:09  Forge x2  
  127  9:12  Gateway  
  127  9:13  Gateway  
  127  9:19  Probe  
  127  9:20  Probe x2  
  130  9:24  Pylon  
  130  9:31  Nexus, Probe  
  131  9:32  Pylon, Probe x2  
  131  9:33  Pylon  
  131  9:37  Assimilator  
  133  9:39  Assimilator  
  133  9:43  Probe  
  133  9:44  Probe x2  
  136  9:46  Zealot x6  
  136  9:49  Charge  
  136  10:00  Probe x3  
  136  10:02  Zealot x6  
  149  10:34  Zealot x8  
  149  11:08  Probe x3  
  149  11:10  Assimilator  
  149  11:11  Assimilator  
  152  11:12  Zealot x8  
  168  12:11  Colossus  
  168  12:21  Probe x3  
  177  12:34  Probe  
  177  12:35  Probe x2  
  180  12:46  Protoss Ground Armor Level 1, Probe, Protoss Ground Weapons Level 1  
  180  12:47  Probe x2  
  183  12:52  Colossus  
  189  13:19  Probe x2  
  192  13:20  Probe  
  192  13:42  Probe x4  
  182  14:05  Zealot x7  
  196  14:17  Gateway  
  196  14:19  Gateway, Robotics Facility  
  196  14:20  Gateway  
  196  14:22  Gateway  
  196  14:25  Gateway  
  196  14:26  Gateway  
  196  14:32  Gateway  
  196  14:36  Pylon  
  196  14:39  Robotics Facility  
  196  14:44  Immortal  
  200  15:00  Protoss Ground Weapons Level 2, Protoss Ground Armor Level 2  
  200  15:03  Shield Battery  
  200  16:50  Nexus  
  200  16:53  Pylon  
  200  16:59  Pylon  
  200  17:02  Nexus  
  200  17:22  Protoss Shields Level 1  
  182  18:06  Zealot x9  
  200  19:01  Protoss Ground Weapons Level 3  
  200  19:06  Protoss Ground Armor Level 3  
  200  21:47  Protoss Shields Level 2  
  200  21:56  Nexus  
  200  22:00  Pylon  
  200  23:27  Pylon  
  200  23:29  Nexus  
  200  24:10  Gravitic Drive  
  137  25:19  Zealot x3  
  137  25:20  Zealot x11  
  165  25:40  Protoss Shields Level 3  
  165  25:45  Cybernetics Core, Forge  
  165  25:56  Dark Shrine  
  165  25:59  Pylon, Nexus  
  165  26:08  Zealot  
  165  26:09  Zealot x12  
  165  26:10  Zealot  
  185  27:29  Zealot x7  
  199  28:01  Cybernetics Core  
  199  28:02  Stargate  
  199  28:04  Stargate x3  
  185  28:09  Pylon, Nexus  
  185  28:24  Shield Battery, Unknown  
  185  28:26  Pylon  
  181  28:30  Assimilator  
  181  28:31  Assimilator  
  181  28:32  Shield Battery, Pylon  
  181  28:33  Protoss Air Weapons Level 1  
  179  28:34  Protoss Air Armor Level 1  
  177  29:00  Assimilator  
  177  29:02  Assimilator  
  177  29:04  Pylon  
  177  29:42  Dark Templar x4  
  137  31:14  Zealot x11  
  137  31:15  Zealot x3  
  163  32:12  Zealot x5, Dark Templar  
  163  32:13  Zealot x8  
  179  33:34  Assimilator  
  179  33:35  Assimilator  
  179  33:36  Photon Cannon  
  179  33:49  Observer  
  179  33:51  Observer  
  168  36:33  Zealot x2  
  168  36:34  Zealot x12  
  196  41:14  Sentry  
Tags
 
Add a new tag
Caveats
  • Supply blocks, unpowered buildings, or Contaminate may cause inaccurate times.
  • Supply counts are checked every 10 seconds.